 Dungeon Crawl Stone Soup version 0.27-a0-3-gcf006a40f5 (webtiles) character file.

Game seed: 9549082465840641941

63 teolandon225 the Sneak (level 3, -2/17 HPs)
             Began as a Spriggan Enchanter on Jan 1, 2021.
             Slain by a gnoll
             ... wielding a +0 flail
              (6 damage)
             ... on level 2 of the Dungeon.
             The game lasted 00:03:44 (1737 turns).

teolandon225 the Sneak (Spriggan Enchanter)         Turns: 1737, Time: 00:03:45

Health: -2/17      AC:  2    Str:  4    XL:     3   Next: 87%
Magic:  4/8        EV: 19    Int: 16    God:
Gold:   96         SH:  0    Dex: 17    Spells: 5/8 levels left

rFire    . . .     SeeInvis +   j - +2 dagger (flame)
rCold    . . .     Faith    .   (shield restricted)
rNeg     . . .     Spirit   .   b - +0 robe
rPois    .         Reflect  .   (helmet restricted)
rElec    .         Harm     .   (no cloak)
rCorr    .         Rampage  .   (gloves unavailable)
Will     .....                  (boots unavailable)
Stlth    +++.......             (no amulet)
HPRegen  0.05/turn              (no ring)
MPRegen  0.11/turn              (no ring)

@: very quick
A: very small, unfitting armour, see invisible, speed 3
a: no special abilities


You were on level 2 of the Dungeon.
You visited 1 branch of the dungeon, and saw 2 of its levels.

You collected 96 gold pieces.

Inventory:

Hand Weapons
 a - a +1 dagger
 j - a +2 dagger of flaming (weapon)
Armour
 b - a +0 robe (worn)
Jewellery
 g - a cursed -4 ring of slaying {unknown}
 i - an uncursed amulet of magic regeneration {unknown}
Scrolls
 c - a scroll of fear {unknown}
 e - 3 scrolls of enchant weapon {unknown}
 f - 4 scrolls of identify {unknown}
 k - a scroll of remove curse {unknown}
Potions
 d - 2 potions of curing {unknown}
 h - a potion of flight {unknown}


   Skills:
 + Level 0.7 Fighting
 * Level 2.3 Short Blades
 + Level 3.5 Dodging
 * Level 5.2 Stealth
 + Level 3.0 Spellcasting
 + Level 4.0 Hexes


You had 5 spell levels left.
You knew the following spells:

 Your Spells              Type           Power        Failure   Level
a - Corona                Hex            16%          3%          1
b - Ensorcelled Hibernat  Hex/Ice        16%          12%         2

Your spell library contained the following spells:

 Spells                   Type           Power        Failure   Level
 Confusing Touch          Hex            15%          11%         3
 Tukima's Dance           Hex            15%          11%         3
 Dazzling Flash           Conj/Hex       16%          24%         3


Dungeon Overview and Level Annotations

Branches:
Dungeon (2/15)

Altars:
Gozag
Nemelex Xobeh

Annotations:
D:2 1 exclusion


Innate Abilities, Weirdness & Mutations

You are very small and have problems with some larger weapons.
You are too small for most types of armour.
You have supernaturally acute eyesight. (SInv)
You cover ground extremely quickly.


Message History

Press: ? - help, Q - select action, (/) - cycle Shift-Dir - straight line, f - gnoll
Aim: a gnoll, wielding a +0 flail (chance to affect: 49%)
The gnoll resists with some effort.
Aiming: Ensorcelled Hibernation (safe; 12% risk of failure)
Press: ? - help, Q - select action, (/) - cycle Shift-Dir - straight line, f/p - gnoll
Aim: a gnoll, wielding a +0 flail (chance to affect: 49%)
The gnoll looks drowsy...
The gnoll shouts!
You hear a shout!
You hit the gnoll. You burn the gnoll.
The gnoll is lightly wounded.
You hit the gnoll. You burn the gnoll.
The gnoll is moderately wounded.
The gnoll hits you with a +0 flail!
Ouch! That really hurt!
* * * LOW HITPOINT WARNING * * *
The gnoll closely misses you.
You hit the gnoll. You burn the gnoll.
The gnoll is heavily wounded.
The gnoll hits you with a +0 flail.
You die...

#.# #......# #.# #.#
#.###### #.# #.# #g#
#.# ######.# #.# #.#
#<.....# #.# #.#
#.###### #.# #.# #.#
#g# #.# #.# #g# #.#
#.####### #@## #.#
#.......# #..# #.####
###########.# ##.#
#....#
#...........####.#####
####.#
#.########...........#
#.# #.# ##.####.###.#
#.# #.# #.# #.# #.#
#.# #)#### #.# #.# #.#
#.# #..).# ##.####.#
#.# #.####


You could see 3 gnolls.

Vanquished Creatures
  3 gnolls (D:2)
  An adder (D:2)
  A dart slug (D:2)
  A leopard gecko (D:2)
  3 giant cockroaches
  2 hobgoblins
  2 bats (D:2)
  2 goblins (D:1)
  13 rats
28 creatures vanquished.

Notes
Turn   | Place    | Note
-------+----------+-------------------------------------------
     0 | D:1      | teolandon225 the Spriggan Enchanter began the quest for the
                  | Orb.
     0 | D:1      | Reached XP level 1. HP: 9/9 MP: 5/5
   385 | D:1      | Reached XP level 2. HP: 10/13 MP: 6/6
   388 | D:1      | Learned a level 2 spell: Ensorcelled Hibernation
  1087 | D:2      | Found an opulent altar of Gozag.
  1415 | D:2      | Found a sparkling altar of Nemelex Xobeh.
  1436 | D:2      | Reached XP level 3. HP: 17/17 MP: 8/8
  1541 | D:2      | Reached skill level 5 in Stealth
  1737 | D:2      | Slain by a gnoll

Illustrated notes

Levels and vault maps discovered:
D:1:      zelgadis_glass_arrival_small, layout_loops_corners
D:2:      layout_loops_ring, grunt_gozag_statues, nemelex_diamond_rough_becter

Skill      XL: |  1  2  3 |
---------------+----------+-----
Short Blades   | 2 |  2.3
Stealth        | 5 |  5.2
Spellcasting   | 3 |  3.0
Hexes          | 4 |  4.0
Fighting       | |  0.7
Dodging        | |  3.5

Action                   || total
-------------------------++-------
Melee: Dagger            ||    66
 Cast: Corona            ||     2
       Ensorcelled Hiber ||     9
 Stab: Sleeping          ||    16
       Distracted        ||     1
Armor: Robe              ||     3
Dodge: Dodged            ||    34

Table legend: (Time is in decaauts)
 A = Elapsed time spent in this place.
 B = Non-inter-level travel time spent in this place.
 C = Inter-level travel time spent in this place.
 D = Time resting spent in this place.
 E = Time spent auto-exploring this place.
 F = Levels seen in this place.
 G = Mean time per level.
                   A        B        C        D        E       F      G
               +--------+--------+--------+--------+--------+-----+--------+
         Total |   1144 |   1111 |     33 |     24 |    804 |   2 |  572.0 |
       Dungeon |   1144 |   1111 |     33 |     24 |    804 |   2 |  572.0 |
               +--------+--------+--------+--------+--------+-----+--------+

Top non-repeatable levels by time:
     D:1: 621 daAuts
     D:2: 523 daAuts
